[ AOE2 MATCH · #506706721 ]
UnrankedEthiopians vs Persians
Player's team · WIN
Rival team · LOSS
[ REPLAY ANALYSIS · EXTRACTED FROM THE RECORDED GAME ]
Feudal
9:15
Castle
20:16
Imperial
32:14
| APM avg | 52.5 |
| APM peak | 87 |
| eAPM avg | 27.1 |
| Villagers / military | 154 / 389 |
Focus
⚔️ 30.4% · 🌾 69.6%
Shotel Warrior ×344 · Archer ×38 · Militia ×4 · Trebuchet (Packed) ×3
Feudal
12:05
Castle
20:54
Imperial
36:12
| APM avg | 50.7 |
| APM peak | 88 |
| eAPM avg | 35.7 |
| Villagers / military | 334 / 111 |
Focus
⚔️ 34.4% · 🌾 65.6%
Knight ×80 · Scout Cavalry ×8 · Militia ×6 · Scorpion ×5 · Monk ×4 · Mangonel ×4
Match map
Initial resources + every placement click. Lines = walls · curves = elevation contours. ◆ gold · ⬟ stone · ● berries · ✦ relic · ◌ wall gap
Your base· ✓ Closed at 20:16 · 28t walls · no gate
Mati's base· Open — opponent sealed themselves in
Smoothed initial terrain · ◌ = detected wall gap · hover for details
Inputs per minute
— Mewes96 - - Mati
Build order — Mewes96
First 150 of 535 actions detected
| 0:00 | Queue | Villager (Male) |
| 0:00 | Queue | Villager (Male) |
| 0:01 | Queue | Villager (Male) |
| 0:02 | Build | House |
| 0:02 | Build | House |
| 0:06 | Queue | Villager (Male) |
| 1:25 | Queue | Villager (Male) |
| 1:25 | Queue | Villager (Male) |
| 1:54 | Build | Lumber Camp |
| 2:00 | Queue | Villager (Male) |
| 2:00 | Queue | Villager (Male) |
| 2:22 | Queue | Villager (Male) |
| 2:22 | Queue | Villager (Male) |
| 2:43 | Queue | Villager (Male) |
| 3:08 | Queue | Villager (Male) |
| 3:09 | Queue | Villager (Male) |
| 3:38 | Queue | Villager (Male) |
| 3:38 | Queue | Villager (Male) |
| 3:47 | Build | House |
| 3:59 | Queue | Villager (Male) |
| 3:59 | Queue | Villager (Male) |
| 4:06 | Build | Mill |
| 4:18 | Queue | Villager (Male) |
| 4:19 | Queue | Villager (Male) |
| 4:48 | Queue | Villager (Male) |
| 4:49 | Queue | Villager (Male) |
| 4:49 | Queue | Villager (Male) |
| 5:22 | Queue | Villager (Male) |
| 5:22 | Queue | Villager (Male) |
| 5:25 | Research | Loom |
| 6:46 | Build | Barracks |
| 6:51 | Research | Feudal Age |
| 7:05 | Build | House |
| 7:37 | Queue | Militia |
| 7:38 | Queue | Militia |
| 7:38 | Queue | Militia |
| 8:16 | Queue | Villager (Male) |
| 8:19 | Build | House |
| 8:38 | Queue | Militia |
| 8:43 | Build | Mining Camp |
| 9:01 | Queue | Villager (Male) |
| 9:15 | Age | Feudal Age |
| 9:16 | Queue | Villager (Male) |
| 9:18 | Research | Man-at-Arms (upgrade) |
| 9:33 | Queue | Villager (Male) |
| 9:36 | Build | Archery Range |
| 9:49 | Queue | Villager (Male) |
| 9:53 | Build | House |
| 9:58 | Build | Palisade Wall |
| 10:00 | Research | Double-Bit Axe |
| 10:16 | Build | Farm |
| 10:32 | Build | House |
| 10:36 | Queue | Archer |
| 10:38 | Queue | Archer |
| 10:45 | Build | Palisade Wall |
| 11:00 | Queue | Villager (Male) |
| 11:18 | Queue | Villager (Male) |
| 11:21 | Build | Blacksmith |
| 11:31 | Queue | Archer |
| 11:39 | Queue | Villager (Male) |
| 11:41 | Build | Farm |
| 11:50 | Queue | Archer |
| 11:51 | Queue | Villager (Male) |
| 11:53 | Build | House |
| 12:07 | Research | Fletching |
| 12:07 | Research | Fletching |
| 12:10 | Build | Farm |
| 12:23 | Build | Farm |
| 12:34 | Queue | Archer |
| 12:36 | Queue | Villager (Male) |
| 12:42 | Build | Farm |
| 12:56 | Queue | Archer |
| 13:09 | Queue | Villager (Male) |
| 13:11 | Build | Farm |
| 13:12 | Build | Farm |
| 13:13 | Queue | Villager (Male) |
| 13:14 | Queue | Villager (Male) |
| 13:36 | Build | Palisade Wall |
| 13:38 | Build | Farm |
| 13:42 | Queue | Villager (Male) |
| 14:01 | Queue | Villager (Male) |
| 14:03 | Build | Farm |
| 14:06 | Build | House |
| 14:07 | Build | Palisade Wall |
| 14:24 | Queue | Villager (Male) |
| 14:26 | Build | Farm |
| 14:29 | Build | Farm |
| 14:33 | Build | Farm |
| 14:47 | Queue | Villager (Male) |
| 14:51 | Build | Palisade Wall |
| 14:52 | Queue | Villager (Male) |
| 14:54 | Build | Farm |
| 14:55 | Build | Farm |
| 14:57 | Build | Farm |
| 14:58 | Queue | Villager (Male) |
| 14:58 | Queue | Villager (Male) |
| 15:36 | Queue | Villager (Male) |
| 15:39 | Build | House |
| 15:40 | Queue | Villager (Male) |
| 15:41 | Build | Farm |
| 15:42 | Build | Farm |
| 15:56 | Queue | Villager (Male) |
| 15:58 | Build | Farm |
| 16:01 | Build | Farm |
| 16:06 | Build | House |
| 16:09 | Build | Palisade Wall |
| 16:14 | Queue | Villager (Male) |
| 16:28 | Build | Farm |
| 16:43 | Queue | Villager (Male) |
| 16:56 | Build | Farm |
| 17:14 | Build | Palisade Wall |
| 17:26 | Research | Castle Age |
| 17:26 | Research | Castle Age |
| 17:40 | Build | Farm |
| 17:46 | Research | Gold Mining |
| 17:51 | Queue | Archer |
| 18:00 | Queue | Villager (Male) |
| 18:04 | Queue | Archer |
| 18:18 | Research | Horse Collar |
| 18:24 | Queue | Archer |
| 19:52 | Queue | Archer |
| 20:16 | Age | Castle Age |
| 20:17 | Build | Town Center |
| 20:21 | Build | Town Center |
| 20:22 | Research | Crossbowman (upgrade) |
| 20:23 | Research | Bodkin Arrow |
| 20:25 | Queue | Archer |
| 20:38 | Research | Bow Saw |
| 20:38 | Research | Bow Saw |
| 20:40 | Queue | Villager (Male) |
| 20:49 | Queue | Archer |
| 20:55 | Queue | Archer |
| 21:09 | Build | Outpost |
| 21:12 | Research | Wheelbarrow |
| 21:12 | Research | Town Watch |
| 21:13 | Queue | Villager (Male) |
| 21:14 | Queue | Villager (Male) |
| 21:19 | Build | Farm |
| 21:20 | Queue | Archer |
| 21:34 | Queue | Villager (Male) |
| 21:35 | Queue | Villager (Male) |
| 21:38 | Build | Farm |
| 21:39 | Queue | Villager (Male) |
| 21:42 | Build | Farm |
| 21:44 | Queue | Villager (Male) |
| 21:53 | Build | Outpost |
| 21:56 | Queue | Archer |
| 22:05 | Queue | Villager (Male) |
| 22:07 | Build | Farm |
| 22:10 | Build | Farm |
Build order — Mati
First 150 of 645 actions detected
| 0:01 | Queue | Villager (Male) |
| 0:01 | Queue | Villager (Male) |
| 0:02 | Build | House |
| 0:03 | Build | House |
| 0:15 | Queue | Villager (Male) |
| 0:16 | Queue | Villager (Male) |
| 0:18 | Queue | Villager (Male) |
| 0:18 | Queue | Villager (Male) |
| 1:24 | Queue | Villager (Male) |
| 1:25 | Queue | Villager (Male) |
| 1:43 | Build | House |
| 1:58 | Queue | Villager (Male) |
| 1:59 | Queue | Villager (Male) |
| 2:33 | Build | Lumber Camp |
| 2:39 | Queue | Villager (Male) |
| 2:39 | Queue | Villager (Male) |
| 2:39 | Queue | Villager (Male) |
| 2:59 | Queue | Villager (Male) |
| 2:59 | Queue | Villager (Male) |
| 3:25 | Queue | Villager (Male) |
| 3:26 | Queue | Villager (Male) |
| 3:46 | Queue | Villager (Male) |
| 3:46 | Queue | Villager (Male) |
| 4:04 | Queue | Villager (Male) |
| 4:18 | Queue | Villager (Male) |
| 4:45 | Build | House |
| 4:54 | Queue | Villager (Male) |
| 4:59 | Queue | Villager (Male) |
| 5:12 | Build | Barracks |
| 5:17 | Research | Loom |
| 5:20 | Queue | Villager (Male) |
| 5:20 | Queue | Villager (Male) |
| 5:21 | Queue | Villager (Male) |
| 5:37 | Queue | Villager (Male) |
| 5:48 | Build | House |
| 5:49 | Build | House |
| 6:07 | Queue | Villager (Male) |
| 6:14 | Queue | Militia ×3 |
| 6:14 | Queue | Militia ×3 |
| 6:19 | Queue | Villager (Male) |
| 6:23 | Queue | Villager (Male) |
| 6:23 | Queue | Villager (Male) |
| 6:30 | Build | Mill |
| 6:40 | Queue | Villager (Male) |
| 6:41 | Queue | Villager (Male) |
| 6:41 | Queue | Villager (Male) |
| 7:05 | Queue | Villager (Male) |
| 7:15 | Queue | Villager (Male) |
| 7:16 | Queue | Villager (Male) |
| 7:24 | Queue | Villager (Male) |
| 7:31 | Queue | Villager (Male) |
| 8:11 | Queue | Villager (Male) |
| 8:11 | Queue | Villager (Male) |
| 8:12 | Queue | Villager (Male) |
| 8:35 | Queue | Villager (Male) |
| 8:48 | Queue | Villager (Male) |
| 9:11 | Queue | Villager (Male) |
| 9:12 | Build | Farm |
| 9:13 | Build | Farm |
| 9:13 | Build | Farm |
| 9:13 | Build | Farm |
| 9:31 | Queue | Villager (Male) |
| 9:32 | Build | Farm |
| 9:33 | Build | Farm |
| 9:39 | Queue | Villager (Male) |
| 9:49 | Build | House |
| 9:50 | Build | House |
| 9:52 | Build | Farm |
| 10:01 | Research | Feudal Age |
| 10:01 | Research | Feudal Age |
| 10:08 | Build | House |
| 10:15 | Build | Palisade Wall |
| 10:18 | Build | Palisade Wall |
| 10:20 | Build | Palisade Wall |
| 10:22 | Build | Palisade Wall |
| 10:28 | Build | Palisade Wall |
| 10:38 | Build | Palisade Wall |
| 10:41 | Build | Mining Camp |
| 10:42 | Queue | Villager (Male) |
| 10:46 | Build | Palisade Wall |
| 10:51 | Build | Palisade Wall |
| 10:59 | Build | House |
| 11:01 | Queue | Villager (Male) |
| 11:02 | Queue | Villager (Male) |
| 11:20 | Build | Farm |
| 11:29 | Build | Palisade Wall |
| 11:33 | Queue | Villager (Male) |
| 11:38 | Build | Farm |
| 11:57 | Build | Farm |
| 12:05 | Age | Feudal Age |
| 12:10 | Queue | Villager (Male) |
| 12:10 | Queue | Villager (Male) |
| 12:46 | Build | Stable |
| 13:06 | Queue | Villager (Male) |
| 13:06 | Queue | Villager (Male) |
| 13:23 | Queue | Scout Cavalry |
| 13:24 | Queue | Scout Cavalry |
| 13:30 | Queue | Villager (Male) |
| 13:37 | Queue | Villager (Male) |
| 13:37 | Queue | Villager (Male) |
| 13:56 | Build | Farm |
| 13:57 | Queue | Villager (Male) |
| 13:57 | Queue | Villager (Male) |
| 14:02 | Build | Farm |
| 14:12 | Queue | Villager (Male) |
| 14:18 | Build | Blacksmith |
| 14:27 | Build | House |
| 14:29 | Queue | Villager (Male) |
| 14:36 | Build | Watch Tower |
| 14:38 | Queue | Villager (Male) |
| 14:40 | Queue | Villager (Male) |
| 14:41 | Build | Farm |
| 14:55 | Build | Watch Tower |
| 14:59 | Queue | Scout Cavalry |
| 15:05 | Research | Scale Barding Armor |
| 15:06 | Research | Scale Barding Armor |
| 15:08 | Research | Forging |
| 15:09 | Research | Forging |
| 15:09 | Queue | Villager (Male) |
| 15:09 | Queue | Villager (Male) |
| 15:16 | Build | Mill |
| 15:19 | Build | Farm |
| 15:20 | Build | Farm |
| 15:20 | Build | Farm |
| 15:43 | Queue | Villager (Male) |
| 15:44 | Queue | Villager (Male) |
| 15:48 | Build | Farm |
| 15:48 | Build | Farm |
| 15:48 | Build | Farm |
| 16:02 | Build | Farm |
| 16:05 | Queue | Scout Cavalry |
| 16:06 | Queue | Scout Cavalry |
| 16:12 | Build | Farm |
| 16:21 | Queue | Scout Cavalry |
| 16:22 | Queue | Scout Cavalry |
| 16:24 | Queue | Villager (Male) |
| 16:25 | Queue | Villager (Male) |
| 16:33 | Build | Farm |
| 17:01 | Queue | Villager (Male) |
| 17:17 | Queue | Villager (Male) |
| 17:17 | Queue | Villager (Male) |
| 17:19 | Build | Market |
| 18:13 | Build | Farm |
| 18:29 | Research | Castle Age |
| 18:29 | Research | Castle Age |
| 18:52 | Research | Double-Bit Axe |
| 19:09 | Queue | Scout Cavalry |
| 19:14 | Research | Bloodlines |
| 19:14 | Research | Bloodlines |
| 19:27 | Research | Horse Collar |
Match timeline
| 5:12 | Mati · first_building Barracks |
| 6:46 | Mewes96 · first_building Barracks |
| 9:15 | Mewes96 · age_up feudal |
| 9:36 | Mewes96 · first_building Archery Range |
| 9:58 | Mewes96 · wall_segment Palisade Wall x1 |
| 10:15 | Mati · wall_segment Palisade Wall x1 |
| 10:18 | Mati · wall_segment Palisade Wall x1 |
| 10:20 | Mati · wall_segment Palisade Wall x1 |
| 10:22 | Mati · wall_segment Palisade Wall x1 |
| 10:28 | Mati · wall_segment Palisade Wall x4 |
| 10:38 | Mati · wall_segment Palisade Wall x1 |
| 10:45 | Mewes96 · wall_segment Palisade Wall x4 |
| 10:46 | Mati · wall_segment Palisade Wall x12 |
| 10:51 | Mati · wall_segment Palisade Wall x1 |
| 11:29 | Mati · wall_segment Palisade Wall x5 |
| 12:05 | Mati · age_up feudal |
| 12:46 | Mati · first_building Stable |
| 13:36 | Mewes96 · wall_segment Palisade Wall x4 |
| 14:07 | Mewes96 · wall_segment Palisade Wall x6 |
| 14:51 | Mewes96 · wall_segment Palisade Wall x5 |
| 16:09 | Mewes96 · wall_segment Palisade Wall x2 |
| 17:14 | Mewes96 · wall_segment Palisade Wall x6 |
| 18:06 | Mati · first_market_buy 500 food |
| 18:08 | Mati · first_market_sell 500 wood |
| 20:16 | Mewes96 · age_up castle |
| 20:54 | Mati · age_up castle |
| 22:46 | Mewes96 · wall_segment Palisade Wall x1 |
| 23:01 | Mewes96 · wall_segment Palisade Wall x1 |
| 23:43 | Mati · first_building Monastery |
| 26:09 | Mati · first_building Siege Workshop |
| 27:56 | Mewes96 · first_building Monastery |
| 28:56 | Mewes96 · first_market_sell 100 wood |
| 28:56 | Mewes96 · first_market_buy 100 food |
| 31:37 | Mewes96 · first_building Castle |
| 32:14 | Mewes96 · age_up imperial |
| 33:57 | Mati · first_building Archery Range |
| 34:12 | Mati · first_building Castle |
| 35:06 | Mati · wall_segment Stone Wall x23 |
| 35:14 | Mati · wall_segment Stone Wall x8 |
| 35:16 | Mati · wall_segment Stone Wall x7 |
| 36:12 | Mati · age_up imperial |
| 38:58 | Mati · wall_segment Stone Wall x5 |
| 45:34 | Mati · resign |
[ AI ANALYSIS · 1 CREDIT ]
What really happened in this match?
Wolo.gg analyzes every decision: build order, eco, micro, common mistakes by bracket. Personalized analysis on WhatsApp or Discord in 30 seconds.
Civ guide
Ethiopians
Perfil
Mewes96